 Dungeon Crawl Stone Soup version 0.19-a0-994-g3c636f0 (webtiles) character file.

28 4thArraOfDagon the Chopper (level 3, -1/34 HPs)
             Began as a Naga Chaos Knight on July 16, 2016.
             Slain by a hobgoblin
             ... wielding a +0 club
              (2 damage)
             ... on level 2 of the Dungeon.
             The game lasted 00:00:53 (246 turns).

4thArraOfDagon the Chopper (Naga Chaos Knight)       Turns: 246, Time: 00:00:54

Health: -1/34      AC:  4    Str: 14    XL:     3   Next: 14%
Magic:  3/3        EV:  9    Int: 13    God:    Xom [..*...]
Gold:   24         SH:  0    Dex: 10    Spells: 0 memorised, 2 levels left

rFire  . . .     SeeInvis +     a - +0 hand axe (chaos)
rCold  . . .     Gourm    .     b - +2 leather armour
rNeg   . . .     Faith    .     (no shield)
rPois  +         Spirit   .     (no helmet)
rElec  .         Dismiss  .     (no cloak)
rCorr  .         Reflect  .     (no gloves)
SustAt .         Harm     .     (no barding)
MR     .....                    (no amulet)
Stlth  +.........               (no ring)
                                (no ring)

@: short of breath, very slow, not resistant to hostile enchantments, very
unstealthy
A: see invisible, deformed body, poison resistance, slowness 2, slow metabolism
1, spit poison 2, AC +1
a: Spit Poison, Renounce Religion


You were on level 2 of the Dungeon.
You worshipped Xom.
You were a toy of Xom.
You were not hungry.

You visited 1 branch of the dungeon, and saw 2 of its levels.

You collected 24 gold pieces.

Inventory:

Hand Weapons
 a - a +0 hand axe of chaos (weapon)
Armour
 b - a +2 leather armour (worn)
Scrolls
 d - a scroll of enchant armour {unknown}
 f - a scroll of blinking {unknown}
 i - a scroll of random uselessness {unknown}
 j - a scroll of enchant weapon {unknown}
Comestibles
 c - a bread ration
 g - 3 slices of pizza
 h - a meat ration


   Skills:
 + Level 3.2 Fighting
 * Level 3.5 Axes
 + Level 1.8 Armour
 + Level 1.2 Dodging


You had 2 spell levels left.
You didn't know any spells.

Dungeon Overview and Level Annotations

Branches:
Dungeon (1/15)

Altars:


Innate Abilities, Weirdness & Mutations

You cannot wear boots.
Your serpentine skin is tough. (AC +1)
You have supernaturally acute eyesight. (SInv)
Armour fits poorly on your strangely shaped body.
Your system is resistant to poisons. (rPois)
You cover ground very slowly.
You have a slow metabolism.
You can spit poison.


Message History

Your experience leads to an increase in your attributes!
Increase (S)trength, (I)ntelligence, or (D)exterity?
You feel clever.
Your skin feels tougher.
You barely miss the hobgoblin.
You have got your breath back.
The hobgoblin closely misses you. The gnoll hits you but does no damage.
Unknown command.
Press: ? - help, Shift-Dir - straight line, f - gnoll
Aim: a gnoll, wielding a spear The splash of poison hits the gnoll.
The gnoll is poisoned.
The gnoll is moderately wounded.
You feel slightly more hungry. The hobgoblin closely misses you.
The gnoll barely misses you.
Unknown command.
Unknown command.
The gnoll hits you from afar with a spear.
* * * LOW HITPOINT WARNING * * *
The hobgoblin hits you with a club.
You die...
Xom guffaws!

..#. .. ... .#
...... ..#.#
#.#.# #.#.#
......g #...#
......g ##@.#
..g...g #.g.#
....... #g#g#
....g.. #.#.##
...?... #w#..##
.......####.....#
#.w.........#
#.##.g......# #
#..........#


You could see a worm, 2 gnolls and a hobgoblin.

Vanquished Creatures
  A gnoll (D:2)
  An adder (D:2)
  2 giant cockroaches (D:1)
  2 hobgoblins
  A kobold (D:1)
  A bat (D:2)
  2 goblins (D:1)
10 creatures vanquished.

Vanquished Creatures (others)
  7 toadstools (D:1)
7 creatures vanquished.

Grand Total: 17 creatures vanquished

Notes
Turn   | Place    | Note
-------+----------+-------------------------------------------
     0 | D:1      | 4thArraOfDagon the Naga Chaos Knight began the quest for the Orb.
     0 | D:1      | Reached XP level 1. HP: 21/21 MP: 1/1
   122 | D:1      | Reached skill level 1 in Dodging
   194 | D:1      | Reached XP level 2. HP: 25/28 MP: 2/2
   201 | D:1      | You fall through a shaft!
   244 | D:2      | Reached XP level 3. HP: 5/34 MP: 3/3
   246 | D:2      | HP: 1/34 [gnoll/spear (4)]
   246 | D:2      | Slain by a hobgoblin

Vault maps used:
D:1:      nagdon_arrival_double_spiral

Skill      XL: |  1 |
---------------+----+-----
Dodging        | 1 |  1.2
Fighting       | |  3.2
Axes           | |  3.5
Armour         | |  1.8

Action                   || total
-------------------------++-------
Melee: Hand axe          ||    28
 Abil: Spit Poison       ||     5
  Use: Potion            ||     1
Armor: Leather armour    ||    24
Dodge: Dodged            ||    31
